 Dungeon Crawl Stone Soup version 0.19-a0-1738-gbb2db12 (webtiles) character file.

368 Psiweapon the Cleaver (level 6, -1/51 HPs)
             Began as a Hill Orc Fighter on Oct 1, 2016.
             Slain by an ogre
             ... wielding a +0 giant spiked club
              (4 damage)
             ... on level 5 of the Dungeon.
             The game lasted 00:08:56 (2971 turns).

Psiweapon the Cleaver (Hill Orc Fighter)            Turns: 2971, Time: 00:08:58

Health: -1/51      AC: 10    Str: 21    XL:     6   Next: 69%
Magic:  15/15      EV:  7    Int:  8    God:
Gold:   122        SH:  9    Dex: 10    Spells: 0 memorised, 5 levels left

rFire  + . .     SeeInvis .     v - +0 hand axe (curse)
rCold  . . .     Gourm    .     b - +0 scale mail
rNeg   . . .     Faith    .     c - +0 shield
rPois  .         Spirit   .     F - +2 hat
rElec  .         Dismiss  .     m - +0 cloak
rCorr  .         Reflect  .     (no gloves)
MR     .....     Harm     .     (no boots)
Stlth  ..........               (no amulet)
                                z - ring of protection from fire
                                y - ring of magical power

@: no status effects
A: no striking features
a: no special abilities


You were on level 5 of the Dungeon.
You were not hungry.

You visited 1 branch of the dungeon, and saw 5 of its levels.

You collected 122 gold pieces.

Inventory:

Hand Weapons
 a - a +0 war axe
 v - a cursed +0 hand axe (weapon)
 B - a +5 club
 C - a +0 hunting sling
Missiles
 e - 160 stones
 i - 36 sling bullets
 r - 8 javelins (quivered)
 w - 72 bolts
Armour
 b - a +0 scale mail (worn)
 c - a +0 shield (worn)
 j - a +1 helmet
 m - a +0 cloak (worn)
 F - a +2 hat (worn)
Jewellery
 y - a ring of magical power (left hand)
 z - a ring of protection from fire (right hand)
Scrolls
 o - 3 scrolls of noise
 p - 3 scrolls of identify
 A - a scroll of immolation
 E - a scroll of teleportation
Potions
 h - a potion of invisibility {unknown}
 k - 2 potions of mutation {unknown}
 l - 3 potions of curing {unknown}
 n - a potion of lignification {unknown}
 q - 2 potions of flight {unknown}
 s - 3 potions of degeneration {unknown}
 u - a potion of haste {unknown}
 x - a potion of brilliance {unknown}
Comestibles
 d - a chunk of flesh
 f - 5 bread rations
 g - a slice of pizza
 t - 3 fruits
 D - 2 meat rations


   Skills:
 - Level 3.6 Fighting
 + Level 8.8 Axes
 + Level 1.2 Throwing
 - Level 3.2 Armour
 - Level 3.2 Shields


You had 5 spell levels left.
You didn't know any spells.

Dungeon Overview and Level Annotations

Branches:
Dungeon (5/15)
 Temple: D:4-7

Altars:
Fedhas
Qazlal

Annotations:
D:2 exclusion: downstairs


Message History

The ogre is heavily wounded.
You hit the shadow imp. The shadow imp hits you. The ogre closely misses you.
You closely miss the ogre.
The ogre is heavily wounded.
You hit the shadow imp.
The shadow imp hits you but does no damage.
You hit the ogre.
The ogre is heavily wounded.
You hit the shadow imp but do no damage.
The ogre hits you with a giant spiked club!
The shadow imp gestures at you. Pain shoots through your body!
* * * LOW HITPOINT WARNING * * *
You hit the ogre.
The ogre is heavily wounded.
You barely miss the frilled lizard.
Your shield and scale mail prevent you from hitting the shadow imp.
You block the frilled lizard's attack. The shadow imp barely misses you.
The ogre hits you with a giant spiked club.
You die...

# ..#..##5##.#
.#.#.....###...
#.#.......... .
#.......#.# ..
#........# .#
#....<..## ..#
#........# ..#
#........#.$#
...#......@l.#
.........O.5.#
...##.......$#
.## ##...###.#
##..# .. ..##
#.. ..# ..# #..
#..


You could see an ogre, a shadow imp and a frilled lizard.

Vanquished Creatures
  The ghost of Naow the Chopper, an amateur MiBe of Trog (D:3)
  A phantom (D:4)
  Robin (D:2)
  2 adders
  A gnoll (D:1)
  4 worms
  2 dart slugs (D:2)
  3 leopard geckos
  4 orcs (D:3)
  10 bats
  3 giant cockroaches
  16 goblins
  9 hobgoblins
  2 jackals (D:3)
  7 kobolds
  A ball python (D:3)
  3 frilled lizards
  A leopard gecko skeleton (D:4)
  8 rats
79 creatures vanquished.

Notes
Turn   | Place    | Note
-------+----------+-------------------------------------------
     0 | D:1      | Psiweapon the Hill Orc Fighter began the quest for the Orb.
     0 | D:1      | Reached XP level 1. HP: 19/19 MP: 1/1
    11 | D:1      | Reached skill level 3 in Axes
   137 | D:2      | Reached XP level 2. HP: 19/26 MP: 2/2
   150 | D:2      | Reached skill level 4 in Axes
   368 | D:3      | Noticed Naow's ghost (amateur MiBe)
   468 | D:3      | Found a blossoming altar of Fedhas.
   541 | D:3      | Found a stormy altar of Qazlal.
   553 | D:3      | Reached XP level 3. HP: 26/31 MP: 3/3
   631 | D:4      | Noticed a phantom
   901 | D:1      | Reached skill level 5 in Axes
  1483 | D:1      | Reached XP level 4. HP: 39/39 MP: 4/4
  1646 | D:3      | Reached skill level 6 in Axes
  1957 | D:2      | Noticed Robin
  1984 | D:2      | Killed Robin
  1984 | D:2      | Reached XP level 5. HP: 18/45 MP: 5/5
  2534 | D:3      | Killed Naow's ghost
  2534 | D:3      | Reached skill level 8 in Axes
  2534 | D:3      | Reached XP level 6. HP: 13/51 MP: 6/6
  2892 | D:4      | Killed a phantom
  2892 | D:4      | Reached skill level 1 in Throwing
  2955 | D:5      | Entered Level 5 of the Dungeon
  2971 | D:5      | Slain by an ogre

Vault maps used:
D:1:      evilmike_arrival_run_for_it, minmay_misc_feat_rows,
          minmay_misc_feat_doors, roderic_lattice_a
D:2:      nrook_loot_triangle, uniq_robin
D:3:      grunt_temple_overflow_forces_of_nature,
          grunt_temple_overflow_lords_of_destruction, first_bread
D:4:      serial_shops, nicolae_shop_statue_plus, minmay_tree_intersection,
          kennysheep_generic_room_7
D:5:      cheibrodos_quashed, hangedman_decor_growths, uniq_sigmund,
          uniq_menkaure

Skill      XL: |  1  2  3  4  5  6 |
---------------+-------------------+-----
Axes           | 3 4 5 6 8 |  8.8
Throwing       | 1 |  1.2
Fighting       | |  3.6
Armour         | |  3.2
Shields        | |  3.2

Action                   |  1- 3 |  4- 6 || total
-------------------------+-------+-------++-------
Melee: War axe           |    83 |       ||    83
       Hand axe          |    22 |   188 ||   210
Throw: Javelin           |       |     4 ||     4
  Use: Scroll            |     3 |     3 ||     6
       Potion            |       |     1 ||     1
  Eat: Chunk             |     2 |     5 ||     7
Armor: Scale mail        |    56 |    80 ||   136
Dodge: Dodged            |    31 |    72 ||   103
Block: Shield            |    78 |    87 ||   165
